 Dungeon Crawl Stone Soup version 0.31-a0-229-g1fc7ce93e2 (webtiles) character file.

Game seed: 12596575387971453880

253 qw the Shooter (level 5, -1/45 HPs)
             Began as a Minotaur Hexslinger on July 6, 2023.
             Succumbed to a water moccasin's poison
             ... on level 3 of the Dungeon.
             The game lasted 00:00:55 (1814 turns).

qw the Shooter (Minotaur Hexslinger)                Turns: 1814, Time: 00:00:56

Health: -1/45      AC:  2    Str: 13    XL:     5   Next: 90%
Magic:  5/5        EV: 12    Int: 10    God:
Gold:   76         SH:  0    Dex: 14    Spells: 5/6 levels left

rFire   . . .        Y - +1 sling
rCold   . . .        (no shield)
rNeg    . . .        d - +0 robe {Will+}
rPois   .            (helmet restricted)
rElec   .            (no cloak)
rCorr   .            (no gloves)
SInv    .            (no boots)
Will    +....        (no amulet)
Stlth   +            (no ring)
HPRegen 0.27/turn    (no ring)
MPRegen 0.09/turn

%: no passive effects
@: lethally poisoned (-1 -> -32)
A: horns 2, retaliatory headbutt
a: no special abilities


You were on level 3 of the Dungeon.
You visited 1 branch of the dungeon, and saw 5 of its levels.

You collected 76 gold pieces.


Innate Abilities, Weirdness & Mutations

You have a pair of horns on your head.
You reflexively headbutt those who attack you in melee.


   Skills:
 + Level 3.1 Fighting
 - Level 6.2 Ranged Weapons
 - Level 2.1 Dodging
 - Level 1.0 Spellcasting
 - Level 2.0 Hexes


You had 5 spell levels left.
You knew the following spells:

 Your Spells              Type           Power      Damage    Failure   Level
a - Slow                  Hex            16%        N/A       16%         1

Your spell library contained the following spells:

 Spells                   Type           Power      Damage    Failure   Level
 Inner Flame              Hex/Fire       2%         N/A       56%         3
 Portal Projectile        Hex/Tloc       4%         N/A       56%         3
 Cause Fear               Hex            2%         N/A       83%         4

Inventory:

Hand Weapons
 Y - a +1 sling (weapon)
Armour
 c - a +0 ring mail
 d - a +0 robe of willpower (worn)
Scrolls
 b - a scroll of identify
 g - a scroll of teleportation
 j - a scroll of enchant armour {unknown}
Potions
 a - a potion of lignification {unknown}
 e - a potion of might {unknown}
 f - a potion of resistance {unknown}
 h - a potion of brilliance {unknown}
 i - a potion of invisibility {unknown}

Dungeon Overview and Level Annotations

Branches:
Dungeon (5/15)
 Temple: D:4-7

Altars:


Message History

The sling bullet hits the water moccasin.
The water moccasin is moderately wounded.
You shoot a sling bullet.
The sling bullet hits the water moccasin but does no damage.
The water moccasin is moderately wounded.
You shoot a sling bullet.
The sling bullet hits the water moccasin.
The water moccasin is heavily wounded.
The water moccasin bites you.
You shoot a sling bullet.
The sling bullet hits the water moccasin.
The water moccasin is heavily wounded.
The water moccasin bites you!
You shoot a sling bullet.
The sling bullet closely misses the water moccasin.
The water moccasin barely misses you. The water moccasin closely misses you.
You shoot a sling bullet.
The sling bullet hits the water moccasin!
The water moccasin is severely wounded.
The water moccasin bites you. The water moccasin closely misses you.
You shoot a sling bullet.
The sling bullet closely misses the water moccasin.
The water moccasin bites you.
You are poisoned.
The water moccasin poisons you!
You shoot a sling bullet.
The sling bullet closely misses the water moccasin.
You feel very sick. The water moccasin bites you!
You are lethally poisoned!
The water moccasin poisons you! The water moccasin bites you.
You are more poisoned.
The water moccasin poisons you!
You shoot a sling bullet.
The sling bullet hits the water moccasin!
You kill the water moccasin!
You feel extremely sick.
Your Ranged Weapons skill increases to level 6!
There is a lethal amount of poison in your body!
You die...

#..##.# ####
##.##.###.... #........##
#.........# #..#...##.#
....####..#.##
####....##....##
####.....#..####...
####....@.!.....
#..........!#.#
.....#)..#..####..
##.......##..####.##
#........ ......).#
#.......###...##..##.###.
#######.# ##....<..$..?.
#.. ####.....###.
###....#


There were no monsters in sight!

Vanquished Creatures
  A water moccasin (D:3)
  Terence (D:2)
  Robin (D:2)
  3 gnolls (D:2)
  An adder (D:2)
  3 dart slugs (D:2)
  An orc (D:3)
  8 endoplasms
  A giant cockroach (D:1)
  11 goblins
  9 hobgoblins
  4 jackals (D:2)
  5 kobolds
  3 quokkas
  8 ball pythons
  A bat (D:1)
  2 frilled lizards
  6 rats
69 creatures vanquished.

Notes
Turn   | Place    | Note
-------+----------+-------------------------------------------
     0 | D:1      | qw the Minotaur Hexslinger began the quest for the Orb.
     0 | D:1      | Reached XP level 1. HP: 16/16 MP: 1/1
     0 | D:1      | 0 ||| qw: Version: 0.3-a-46-gb1f654a
     0 | D:1      | 0 ||| qw: Game counter: 1191
     0 | D:1      | 0 ||| qw: Melee chars always use a shield: true
     0 | D:1      | 0 ||| qw: God list: Okawaru
     0 | D:1      | 0 ||| qw: Allow faded altars: false
     0 | D:1      | 0 ||| qw: Do Orc after clearing Dungeon:15 true
     0 | D:1      | 0 ||| qw: Do second Lair branch before Depths: true
     0 | D:1      | 0 ||| qw: Lair rune preference: random
     0 | D:1      | 0 ||| qw: Goals: Normal
     0 | D:1      | 0 ||| PLANNING D:1-11
   243 | D:1      | Reached skill level 3 in Ranged Weapons
   243 | D:1      | Reached XP level 2. HP: 23/23 MP: 2/2
   561 | D:1      | 561 ||| UPGRADING to +0 robe of willpower.
   571 | D:1      | 571 ||| DROPPING +0 robe.
   572 | D:1      | 572 ||| DROPPING scroll of poison.
   625 | D:2      | Reached XP level 3. HP: 18/29 MP: 3/3
   628 | D:2      | HP: 6/29 [gnoll/+0 club (8)]
   712 | D:2      | Reached skill level 4 in Ranged Weapons
   928 | D:2      | Reached XP level 4. HP: 36/36 MP: 4/4
  1125 | D:2      | Identified the +2 helmet of Ru's Fury {rC+ Dex+2}
  1125 | D:2      | Noticed Robin
  1134 | D:2      | Killed Robin
  1135 | D:2      | Reached skill level 5 in Ranged Weapons
  1141 | D:2      | 1141 ||| FLEEEEING.
  1142 | D:2      | 1142 ||| FLEEEEING.
  1143 | D:2      | 1143 ||| FLEEEEING.
  1144 | D:2      | 1144 ||| FLEEEEING.
  1145 | D:2      | 1145 ||| FLEEEEING.
  1146 | D:2      | 1146 ||| FLEEEEING.
  1147 | D:2      | 1147 ||| FLEEEEING.
  1148 | D:2      | 1148 ||| FLEEEEING.
  1149 | D:2      | 1149 ||| FLEEEEING.
  1150 | D:2      | 1150 ||| FLEEEEING.
  1151 | D:2      | 1151 ||| FLEEEEING.
  1152 | D:2      | 1152 ||| FLEEEEING.
  1153 | D:2      | 1153 ||| FLEEEEING.
  1154 | D:2      | 1154 ||| FLEEEEING.
  1155 | D:2      | 1155 ||| FLEEEEING.
  1156 | D:2      | 1156 ||| FLEEEEING.
  1157 | D:2      | 1157 ||| FLEEEEING.
  1158 | D:2      | 1158 ||| FLEEEEING.
  1159 | D:2      | 1159 ||| FLEEEEING.
  1160 | D:2      | 1160 ||| FLEEEEING.
  1161 | D:2      | 1161 ||| FLEEEEING.
  1162 | D:2      | 1162 ||| FLEEEEING.
  1163 | D:2      | 1163 ||| FLEEEEING.
  1164 | D:2      | 1164 ||| FLEEEEING.
  1165 | D:2      | 1165 ||| FLEEEEING.
  1166 | D:2      | 1166 ||| FLEEEEING.
  1167 | D:2      | 1167 ||| FLEEEEING.
  1168 | D:2      | 1168 ||| FLEEEEING.
  1169 | D:2      | 1169 ||| FLEEEEING.
  1170 | D:2      | 1170 ||| FLEEEEING.
  1171 | D:2      | 1171 ||| FLEEEEING.
  1172 | D:2      | 1172 ||| FLEEEEING.
  1173 | D:2      | 1173 ||| FLEEEEING.
  1174 | D:2      | 1174 ||| FLEEEEING.
  1175 | D:2      | 1175 ||| FLEEEEING.
  1176 | D:2      | 1176 ||| FLEEEEING.
  1177 | D:2      | 1177 ||| FLEEEEING.
  1178 | D:2      | 1178 ||| FLEEEEING.
  1179 | D:2      | 1179 ||| FLEEEEING.
  1187 | D:2      | 1187 ||| STAIRDANCE
  1214 | D:1      | 1214 ||| READING scroll labelled ZUCUFO ZUEPS.
  1215 | D:1      | 1215 ||| READING scroll labelled YLAOLOUTO.
  1216 | D:1      | 1216 ||| READING scroll labelled ERYSYV UTOD.
  1302 | D:2      | Noticed Terence
  1317 | D:2      | Killed Terence
  1318 | D:2      | Reached skill level 3 in Fighting
  1318 | D:2      | Reached XP level 5. HP: 18/45 MP: 5/5
  1690 | D:2      | 1690 ||| READING scroll labelled OSEJ RUNEIFF.
  1691 | D:2      | 1691 ||| DRINKING 2 puce potions.
  1694 | D:2      | 1694 ||| DROPPING potion of ambrosia.
  1711 | D:3      | Noticed a water moccasin
  1711 | D:3      | You fall into a shaft and drop 2 floors!
  1711 | D:5      | Entered Level 5 of the Dungeon
  1713 | D:5      | 1713 ||| FLEEEEING.
  1714 | D:5      | 1714 ||| FLEEEEING.
  1715 | D:5      | 1715 ||| FLEEEEING.
  1716 | D:5      | 1716 ||| FLEEEEING.
  1717 | D:5      | 1717 ||| STAIRDANCE
  1813 | D:3      | Killed a water moccasin
  1813 | D:3      | HP: 6/45 [poisoned by a water moccasin]
  1814 | D:3      | Reached skill level 6 in Ranged Weapons
  1814 | D:3      | Succumbed to a water moccasin's poison

Levels and vault maps discovered:
D:1:      lightli_arrival_maybe_door_vault, layout_loops_cross, st_stairs_5
D:2:      layout_loops_ring, uniq_robin, uniq_terence
D:3:      layout_rooms
D:4:      layout_rooms, minmay_temple_entry_wispy, uniq_sigmund
D:5:      layout_cave_pools, nicolae_ru_sacrificial_ziggurat,
          lemuel_coloured_pillars_altar, minmay_misc_feat_tiny,
          kb_lookout_dungeons_type, uniq_pikel

Skill      XL: |  1  2  3  4  5 |
---------------+----------------+-----
Ranged Weapons | 3 4 5 6 |  6.2
Fighting       | 2 3 |  3.1
Dodging        | |  2.1
Spellcasting   | |  1.0
Hexes          | |  2.0

Action                     |  1- 3 |  4- 6 || total
---------------------------+-------+-------++-------
   Fire: Sling             |    95 |   119 ||   214
    Use: Scroll            |       |     4 ||     4
         Potion            |       |     1 ||     1
 Armour: Robe              |     2 |     6 ||     8
  Dodge: Dodged            |    22 |    32 ||    54

Table legend:
 A = Non-vault XP
 B = Vault XP
 C = Vault XP percentage of total XP
 D = Non-vault monster count
 E = Vault monster count
 F = Vault count percentage of total count
                 A         B        C        D         E       F
            +---------+---------+-------+---------+---------+-------
      Total |     290 |      72 |  19.9 |      54 |      15 |  21.7
            +---------+---------+-------+---------+---------+-------
        D:1 |      26 |       3 |  10.3 |      18 |       2 |  10.0
        D:2 |     106 |      69 |  39.4 |      28 |      13 |  31.7
        D:3 |     157 |       0 |   0.0 |       7 |       0 |   0.0
        D:4 |       1 |       0 |   0.0 |       1 |       0 |   0.0
            +---------+---------+-------+---------+---------+-------
